 Dungeon Crawl Stone Soup version 0.31-a0-466-g98c9adc2b6 (webtiles) character file.

Game seed: 18179925146739965435

4622 MisterAzrael the Fighter (level 10, 0/78 HPs)
             Began as a Djinni Conjurer on Aug 6, 2023.
             Was an Initiate of Gozag.
             Slain by a yak (5 damage)
             ... on level 9 of the Dungeon.
             The game lasted 00:19:25 (9954 turns).

MisterAzrael the Fighter (Djinni Conjurer)          Turns: 9954, Time: 00:19:27

Health: 0/78       AC:  2    Str: 10    XL:     10   Next: 69%
Gold:   1412       EV: 17    Int: 23    God:    Gozag SH:  0 Dex: 11

rFire   + + .        F - +2 quarterstaff (spect)
rCold   x . .        (shield currently unavailable)
rNeg    . . .        a - +0 robe
rPois   ∞            (no helmet)
rElec   .            (no cloak)
rCorr   .            (no gloves)
SInv    .            (boots unavailable)
Will    +....        (no amulet)
Stlth   ++           n - ring of wizardry
HPRegen 0.33/turn    i - +5 ring of evasion
MPRegen 0.00/turn

%: wizardry (x1), infuse magic (-1 HP)
@: gold aura, flying
A: sickness immunity, fire resistance 2, cold vulnerability 1, float, innate
caster, HP casting, extra vitality 1, strong 1
a: Renounce Religion, Potion Petition, Call Merchant, Bribe Branch


You were on level 9 of the Dungeon.
You worshipped Gozag.
Gozag was most pleased with you.
You visited 1 branch of the dungeon, and saw 9 of its levels.
You also visited: Ossuary.

You collected 1590 gold pieces.
You spent 178 gold pieces at shops.

Inventory:

Hand Weapons
 v - the +0 long sword of the Big Bang {speed, rElec rF- rCorr Dex-4}
   (You bought it in a shop on level 1 of the Dungeon)

   Dex:       It affects your dexterity (-4).
   rF:        It makes you vulnerable to fire.
   rElec:     It insulates you from electricity.
   rCorr:     It protects you from acid and corrosion.
 F - a +2 spectral quarterstaff (weapon)
Armour
 a - a +0 robe (worn)
Jewellery
 g - a +4 ring of slaying
 i - a +5 ring of evasion (right hand)
 n - a ring of wizardry (left hand)
 p - a ring of wizardry
 C - a +4 ring of protection
Talismans
 d - a dragon-blood talisman
 r - a storm talisman
 y - a serpent talisman
Wands
 b - a wand of paralysis (5)
 t - a wand of mindburst (39)
 z - a wand of flame (59)
 B - a wand of acid (5)
 N - a wand of polymorph (7)
Scrolls
 c - 2 scrolls of enchant armour
 f - 5 scrolls of brand weapon
 k - 2 scrolls of summoning
 o - a scroll of blinking {unknown}
 q - 2 scrolls of vulnerability
 x - 4 scrolls of noise
 A - a scroll of immolation {unknown}
 G - a scroll of teleportation {unknown}
 I - a scroll of enchant weapon {unknown}
 J - 2 scrolls of poison {unknown}
 L - a scroll of fog {unknown}
Potions
 e - a potion of resistance {unknown}
 h - a potion of heal wounds {unknown}
 j - 4 potions of curing
 l - 2 potions of attraction
 s - a potion of might {unknown}
 u - 2 potions of enlightenment {unknown}
 w - a potion of brilliance {unknown}
 D - 3 potions of haste
 E - 3 potions of lignification {unknown}
 H - a potion of degeneration {unknown}
 K - a potion of cancellation {unknown}
 M - a potion of ambrosia {unknown}


   Skills:
 * Level 9.5 Fighting
 + Level 2.7 Staves
 - Level 2.1 Dodging
 - Level 1.5 Stealth
 * Level 7.5 Spellcasting
 * Level 7.5 Conjurations
 * Level 7.5 Hexes
   Level 0.0 Charms
 * Level 7.5 Summonings
 * Level 7.5 Necromancy
 * Level 7.5 Translocations
 * Level 7.5 Transmutations
 * Level 7.5 Fire Magic
 * Level 7.5 Ice Magic
 * Level 7.5 Air Magic
 * Level 7.5 Earth Magic
 * Level 7.5 Poison Magic
 + Level 4.7 Shapeshifting


You knew the following spells:

 Your Spells              Type           Power      Damage    Failure   Level
a - Magic Dart            Conj           100%       1d8       1%          1
b - Searing Ray           Conj           86%        2d7       1%          2
c - Dazzling Flash        Conj/Hex       86%        N/A       1%          3
d - Fulminant Prism       Conj/Hex       21%        3d12      1%          4
e - Iskenderun's Mystic   Conj/Tloc      43%        2d10      1%          4
f - Sandblast             Erth           86%        2d18      1%          1
g - Ensorcelled Hibernat  Hex/Ice        86%        N/A       1%          2
h - Passwall              Tmut/Erth      35%        N/A       1%          2
i - Vhi's Electric Charg  Tloc/Air       86%        N/A       1%          3
Your spell library was empty.

Dungeon Overview and Level Annotations

Branches:
Dungeon (9/15)             Temple (0/1) D:5         Ossuary (visited)
   Lair: D:8-11         Orc: D:9-12

Altars:
Ashenzari
Dithmenos
Elyvilon
Gozag
Makhleb
Nemelex Xobeh
Okawaru
Ru
Uskayaw
Wu Jian
Xom
Yredelemnul
The Shining One

Shops:
D:1 (   D:8 *(

Annotations:
D:3 3 runed translucent doors, LordLoth's ghost, amateur HuFi


Innate Abilities, Weirdness & Mutations

You are immune to sickness and miasma.
You are immune to poison.
Your flesh is very heat resistant. (rF++)
You are vulnerable to cold. (rC-)
You float through the air rather than walking.
You learn spells naturally, not from books.
Your magical power is your life essence.
You have superior vitality. (+4 MHP)
Your muscles are strong. (Str +4, Int/Dex -1)


Message History

Confirm with . or Enter, or press ? or * to list all spells.
You erupt in a blast of force!
The mystic blast hits the yak!
The yak is heavily wounded.
The mystic blast hits the yak.
The yak is severely wounded.
The mystic blast hits the yak!
The yak is heavily wounded.
The yak is knocked back by the mystic blast.
The yak collides with the yak!
The yak is moderately wounded.
The yak is severely wounded.
The mystic blast hits the yak!
The yak is almost dead.
The yak is knocked back by the mystic blast.
The yak slams into the rock wall!
You kill the yak!
The yak is no longer blind.
The yak gores you!
Casting: Iskenderun's Mystic Blast (dangerous; 1% risk of failure)
Confirm with . or Enter, or press ? or * to list all spells.
You erupt in a blast of force!
The mystic blast hits the yak!
The yak is almost dead.
The yak is knocked back by the mystic blast.
The mystic blast hits the yak.
The yak is heavily wounded.
The yak is knocked back by the mystic blast.
The mystic blast hits the yak!
The yak is severely wounded.
The yak is knocked back by the mystic blast.
The mystic blast hits the yak.
The yak is severely wounded.
You hear a shout!
The yak closely misses you. The yak gores you!
* * * LOW HITPOINT WARNING * * *
The yak attacks as you move away! The yak gores you!
* * * LOW HITPOINT WARNING * * *
The yak is no longer blind.
The yak attacks as you move away! The yak gores you.
You die...
Your body crumbles into a pile of gold.

#. ## ###. . ..# ##.'.
#.#.# #(.'. #.#.# #.##.
###.#.# #.##. Y#.....#
#.##.
.......################.###
#(#.#.YYY@................
#....Y....############....
........###.# #....
#....>..# #.# #....
..###.### #.# #.... # #.
#.# #.... #. #.# #.... #
#.. #.... #.# #....


You could see 4 yaks.

Vanquished Creatures
  Pikel (D:5)
  Psyche (D:8)
  A hornet (D:9)
  A wyvern (D:8)
  Sigmund (D:5)
  A yak (D:9)
  3 vampire mosquitoes (D:9)
  A water moccasin (D:6)
  Duvessa (D:5)
  An orc warrior (D:9)
  A sky beast (D:7)
  An ice beast (D:8)
  3 ogres
  2 black bears
  2 kobold brigands
  2 scorpions
  2 water moccasin zombies (Ossuary)
  5 wights
  Dowan (D:5)
  3 howler monkeys
  A centaur zombie (Ossuary)
  3 bullfrog zombies (Ossuary)
  4 hounds
  A human zombie (Ossuary)
  3 orc priests
  4 jellies
  4 iguanas
  A scorpion zombie (Ossuary)
  8 orc wizards
  2 ogre zombies (Ossuary)
  5 adders
  3 gnolls (D:4)
  3 shadow imps
  3 white imps (D:6)
  2 ufetubi
  2 adder zombies (Ossuary)
  3 worms
  6 dart slugs
  18 orcs
  7 ball pythons
  5 bats
  2 endoplasms
  2 giant cockroaches
  7 gnoll zombies (Ossuary)
  6 goblins
  4 hobgoblins
  7 jackals
  10 kobolds
  5 quokkas
  6 frilled lizards
  5 goblin zombies (Ossuary)
  6 hobgoblin zombies (Ossuary)
  3 orc zombies (Ossuary)
  17 rats
202 creatures vanquished.

Vanquished Creatures (others)
  26 fulminant prisms
26 creatures vanquished.

Grand Total: 228 creatures vanquished

Notes
Turn   | Place    | Note
-------+----------+-------------------------------------------
     0 | D:1      | MisterAzrael the Djinni Conjurer began the quest for the
                  | Orb.
     0 | D:1      | MisterAzrael set off with the following spells memorised:
                  | Magic Dart, Searing Ray, Dazzling Flash, Fulminant Prism,
                  | Iskenderun's Mystic Blast.
     0 | D:1      | Reached XP level 1. HP: 15/15 MP: 0/0
    89 | D:1      | Reached XP level 2. HP: 20/22 MP: 0/0
   173 | D:1      | Reached skill level 1 in Fighting
   350 | D:1      | Reached XP level 3. HP: 25/27 MP: 0/0
   350 | D:1      | Learned a level 1 spell: Sandblast
   497 | D:1      | Found Lait's Antique Weapon Emporium.
   846 | D:2      | Found a faded altar of an unknown god.
  1041 | D:2      | Prayed at the altar of an unknown god.
  1041 | D:2      | Became a worshipper of Gozag Ym Sagoz the Greedy
  1095 | D:2      | Reached skill level 2 in Fighting
  1147 | D:2      | Reached XP level 4. HP: 30/33 MP: 0/0
  1921 | D:3      | Found a faded altar of an unknown god.
  1927 | D:3      | Reached skill level 1 in Shapeshifting
  1927 | D:3      | Reached XP level 5. HP: 33/39 MP: 0/0
  1927 | D:3      | Learned a level 2 spell: Ensorcelled Hibernation
  1997 | D:3      | Found a sacrificial altar of Ru.
  2070 | D:3      | Found a runed translucent gate.
  2071 | D:3      | Found a runed translucent gate.
  2072 | D:3      | Found a runed translucent gate.
  2275 | D:3      | Noticed LordLoth's ghost (amateur HuFi)
  2321 | D:3      | Reached skill level 3 in Fighting
  2597 | D:4      | Reached XP level 6. HP: 15/46 MP: 0/0
  3710 | D:4      | Found a sparkling altar of Nemelex Xobeh.
  3710 | D:4      | Found a broken altar of Ashenzari.
  3756 | D:4      | Reached skill level 4 in Fighting
  3833 | D:4      | Reached XP level 7. HP: 51/52 MP: 0/0
  3833 | D:4      | Learned a level 2 spell: Passwall
  3951 | D:1      | Bought a brightly glowing long sword for 178 gold pieces
  3951 | D:1      | Identified the +0 long sword of the Big Bang {speed, rElec
                  | rF- rCorr Dex-4} (You bought it in a shop on level 1 of the
                  | Dungeon)
  4160 | D:5      | Entered Level 5 of the Dungeon
  4208 | D:5      | Noticed Sigmund
  4221 | D:5      | Killed Sigmund
  4263 | D:5      | Reached skill level 5 in Spellcasting
  4263 | D:5      | Reached skill level 5 in Conjurations
  4263 | D:5      | Reached skill level 5 in Hexes
  4263 | D:5      | Reached skill level 5 in Summonings
  4263 | D:5      | Reached skill level 5 in Necromancy
  4263 | D:5      | Reached skill level 5 in Translocations
  4263 | D:5      | Reached skill level 5 in Transmutations
  4263 | D:5      | Reached skill level 5 in Fire Magic
  4263 | D:5      | Reached skill level 5 in Ice Magic
  4263 | D:5      | Reached skill level 5 in Air Magic
  4263 | D:5      | Reached skill level 5 in Earth Magic
  4263 | D:5      | Reached skill level 5 in Poison Magic
  4342 | D:5      | Reached skill level 5 in Fighting
  4342 | D:5      | Reached XP level 8. HP: 51/59 MP: 0/0
  4351 | D:5      | Noticed Pikel
  4363 | D:5      | Killed Pikel
  4364 | D:5      | Reached skill level 6 in Fighting
  4515 | D:5      | Found a staircase to the Ecumenical Temple.
  4535 | D:5      | Noticed Duvessa
  4538 | D:5      | Noticed Dowan
  4546 | D:5      | Killed Duvessa
  4547 | D:5      | Reached XP level 9. HP: 29/67 MP: 0/0
  4547 | D:5      | Learned a level 3 spell: Vhi's Electric Charge
  4549 | D:5      | Killed Dowan
  5160 | D:6      | Found a glowing drain.
  5178 | D:6      | Reached skill level 7 in Fighting
  5522 | D:6      | Identified the +4 dagger of Iconoclasm {flame, rPois Int-3
                  | SInv}
  5808 | D:6      | Found a hide-covered altar of Uskayaw.
  6988 | D:8      | Found an iron altar of Okawaru.
  6998 | D:8      | Reached skill level 8 in Fighting
  7300 | D:8      | Found a sand-covered staircase.
  7327 | Ossuary  | Entered an ossuary
  7585 | Ossuary  | Reached XP level 10. HP: 76/76 MP: 0/0
  7704 | Ossuary  | Reached skill level 1 in Staves
  8387 | D:8      | Found a shimmering altar of Xom.
  8400 | D:8      | Gained mutation: You are dopey. (Int -2) [potion of
                  | mutation]
  8400 | D:8      | Gained mutation: You are weak. (Str -2) [potion of
                  | mutation]
  8400 | D:8      | Gained mutation: You are agile. (Dex +4, Str/Int -1)
                  | [potion of mutation]
  8401 | D:8      | Lost mutation: You are dopey. (Int -2) [potion of mutation]
  8401 | D:8      | Lost mutation: You are weak. (Str -2) [potion of mutation]
  8401 | D:8      | Lost mutation: You are agile. (Dex +4, Str/Int -1) [potion
                  | of mutation]
  8401 | D:8      | Gained mutation: Your muscles are strong. (Str +4, Int/Dex
                  | -1) [potion of mutation]
  8581 | D:8      | Found an ornate altar of the Wu Jian Council.
  8585 | D:8      | Noticed Psyche
  8596 | D:8      | Killed Psyche
  8699 | D:8      | Found Soih's Assorted Antiques.
  9006 | D:8      | Found Wires's Weapon Shoppe.
  9010 | D:8      | Reached skill level 9 in Fighting
  9314 | D:9      | Found a white marble altar of Elyvilon.
  9314 | D:9      | Found an opulent altar of Gozag.
  9314 | D:9      | Found a burning altar of Makhleb.
  9320 | D:9      | Found a shadowy altar of Dithmenos.
  9320 | D:9      | Found a glowing golden altar of the Shining One.
  9321 | D:9      | Found a basalt altar of Yredelemnul.
  9954 | D:9      | Slain by a yak

Illustrated notes

Levels and vault maps discovered:
D:1:      eino_arrival_tree_alley, layout_basic, serial_shops,
          nicolae_shop_dealshenge, minmay_rat_gold_closets
D:2:      layout_rooms, serial_aquarium, aquarium_bridge_island_small
          [aquarium_subvault_small_open, aquarium_subvault_bridge,
          aquarium_subvault_balcony, aquarium_subvault_wall,
          aquarium_subvault_bridge], aquarium_window_fake, aquarium_window_3,
          aquarium_view_2e, aquarium_view_2c, aquarium_pool_1,
          basic_ecumenical_altar, chequers_garden, minmay_misc_feat_roman
D:3:      layout_basic, nicolae_overflow_ecumenical_swirl,
          gammafunk_ghost_necromancy
D:4:      layout_basic, gammafunk_temple_overflow_statue
D:5:      layout_cave_pools, temple_statues, uniq_pikel, uniq_duvessa,
          uniq_sigmund
D:6:      layout_rooms, nicolae_uskayaw_suspiria, portal_sewer_entry_b,
          minmay_misc_feat_nine_boxes, st_stairs_10, minmay_misc_feat_encased,
          minivault_19
D:7:      layout_basic
D:8:      layout_loops_cross, mainiacjoe_overflow_surrounded_room,
          overflow_temple_1_default, mainiacjoe_overflow_six_doors_small,
          enter_ossuary_1, serial_shops, nicolae_shop_bloodbath_and_beyond,
          nicolae_take_the_stairs, uniq_psyche
D:9:      layout_basic, mainiacjoe_overflow_catwalk, grunt_temple_overflow_open,
          serial_shops, shop, gammafunk_ghost_hive, amethyst_killhole,
          minmay_holes, chequers_serial_rivers_marsh, nicolae_custom_books,
          serial_park_tiny_2, kennysheep_generic_room_4

Skill      XL: |  1  2  3  4  5  6  7  8  9 10 |
---------------+-------------------------------+-----
Fighting       | 1 2 3 4 5 6 8 9 |  9.5
Spellcasting   | 4 5 6 7 |  7.5
Conjurations   | 4 5 6 7 |  7.5
Hexes          | 4 5 6 7 |  7.5
Summonings     | 4 5 6 7 |  7.5
Necromancy     | 4 5 6 7 |  7.5
Translocations | 4 5 6 7 |  7.5
Transmutations | 4 5 6 7 |  7.5
Fire Magic     | 4 5 6 7 |  7.5
Ice Magic      | 4 5 6 7 |  7.5
Air Magic      | 4 5 6 7 |  7.5
Earth Magic    | 4 5 6 7 |  7.5
Poison Magic   | 4 5 6 7 |  7.5
Shapeshifting  | 1 2 3 4 |  4.7
Staves         | 2 |  2.7
Dodging        | |  2.1
Stealth        | |  1.5

Action                     |  1- 3 |  4- 6 |  7- 9 | 10-12 || total
---------------------------+-------+-------+-------+-------++-------
  Melee: Unarmed           |     5 |     1 |       |       ||     6
         Quarterstaff      |       |       |    51 |    35 ||    86
         Long sword        |       |       |     4 |       ||     4
   Cast: Magic Dart        |    70 |   105 |    56 |     8 ||   239
         Searing Ray       |     1 |    10 |    20 |    16 ||    47
         Dazzling Flash    |     1 |       |     6 |     5 ||    12
         Iskenderun's Myst |       |     4 |     1 |    16 ||    21
         Fulminant Prism   |       |     1 |    18 |     7 ||    26
         Ensorcelled Hiber |       |       |     3 |       ||     3
         Passwall          |       |       |     1 |       ||     1
         Vhi's Electric Ch |       |       |     3 |       ||     3
    Use: Scroll            |     1 |       |       |     8 ||     9
         Potion            |       |       |       |     2 ||     2
   Stab: Sleeping          |     1 |       |       |     1 ||     2
         Distracted        |       |       |     1 |     1 ||     2
 Armour: Robe              |     1 |     1 |    16 |    22 ||    40
  Dodge: Dodged            |    26 |    20 |   118 |   106 ||   270

Table legend: (Time is in decaauts)
 A = Elapsed time spent in this place.
 B = Non-inter-level travel time spent in this place.
 C = Inter-level travel time spent in this place.
 D = Time resting spent in this place.
 E = Time spent auto-exploring this place.
 F = Levels seen in this place.
 G = Mean time per level.
                   A        B        C        D        E       F      G
               +--------+--------+--------+--------+--------+-----+--------+
         Total |   9991 |   9646 |    345 |   2159 |   6065 |  10 |  999.1 |
       Dungeon |   9086 |   8741 |    345 |   1759 |   5833 |   9 | 1009.6 |
       Ossuary |    904 |    904 |      0 |    400 |    232 |   1 |  904.0 |
               +--------+--------+--------+--------+--------+-----+--------+

Top non-repeatable levels by time:
     D:8: 1979 daAuts
     D:4: 1364 daAuts
     D:3: 1330 daAuts
     D:6: 1042 daAuts
     D:5: 911 daAuts
 Ossuary: 904 daAuts
     D:7: 861 daAuts
     D:2: 798 daAuts
     D:1: 668 daAuts
     D:9: 128 daAuts
